 Dungeon Sprint DCSS version 0.19.1 (webtiles) character file.

625 dvd the Fighter (level 7, -9/51 HPs)
             Began as a Gargoyle Fighter on Dec 22, 2016.
             Was an Initiate of Okawaru.
             Mangled by Sonja
             ... wielding a +0 short sword of distortion
              (19 damage)
             ... in the Dungeon (Sprint I: "Red Sonja").
             The game lasted 00:03:16 (895 turns).

dvd the Fighter (Gargoyle Fighter)                   Turns: 895, Time: 00:03:18

Health: -9/51      AC: 13    Str: 19    XL:     7   Next: 47%
Magic:  7/7        EV:  8    Int:  9    God:    Okawaru [......]
Gold:   440        SH: 11    Dex: 11    Spells: 0 memorised, 6 levels left

rFire  . . .     SeeInvis .     a - +0 war axe
rCold  . . .     Gourm    .     b - +0 scale mail
rNeg   + . .     Faith    .     c - +0 shield
rPois  ∞         Spirit   .     (no helmet)
rElec  +         Reflect  .     (no cloak)
rCorr  .         Harm     .     (no gloves)
MR     .....     NoTele   +     (no boots)
Stlth  ..........               (no amulet)
                                (no ring)
                                (no ring)

@: exhausted, very slightly contaminated, hasted and slowed
A: negative energy resistance 1, electricity resistance, unbreathing,
petrification resistance, rot immunity, AC +4
a: Renounce Religion


You were in the Dungeon.
You worshipped Okawaru.
Okawaru was noncommittal.
You were not hungry.

You visited 1 branch You collected 440 gold pieces.

Inventory:

Hand Weapons
 a - a +0 war axe (weapon)
Armour
 b - a +0 scale mail (worn)
 c - a +0 shield (worn)
Scrolls
 k - a scroll of blinking
Potions
 d - a potion of might
 i - 2 potions of magic
Comestibles
 f - a bread ration


   Skills:
 + Level 9.4 Fighting
 + Level 8.4 Axes
 + Level 8.8 Armour
 + Level 1.0 Dodging
 + Level 0.5 Stealth
 + Level 8.1 Shields


You had 6 spell levels left.
You didn't know any spells.

Dungeon Overview and Level Annotations

Branches:
Dungeon (1/1)

Altars:
Cheibriados
Dithmenos
Elyvilon
Fedhas
Gozag
Hepliaklqana
Kikubaaqudgha
Makhleb
Nemelex Xobeh
Okawaru
Qazlal
Ru
Sif Muna
Trog
Uskayaw
Vehumet
Xom
Yredelemnul
Zin
The Shining One
Jiyva
Lugonu

Shops:
D *

Annotations:
D Sonja


Innate Abilities, Weirdness & Mutations

You are resistant to torment.
Your stone body is resilient. (AC +4)
You are immune to poison.
You resist negative energy. (rN+)
You are resistant to electric shocks. (rElec)
You can survive without breathing.
You are immune to petrification.
You are immune to rotting.


Message History

* * * LOW HITPOINT WARNING * * *
Space warps horribly around you!
* * * LOW HITPOINT WARNING * * *
You block Sonja's attack.
You feel better.
Sonja mumbles some strange words.
Sonja blinks!
Sonja unwields an uncursed short sword of distortion.
Its appearance distorts for a moment.
Sonja wields an uncursed blowgun.
Sonja shoots a curare-tipped needle.
The curare-tipped needle hits you.
Unknown command.
You feel yourself speed up.
You are very lightly contaminated with residual magic.
Your scale mail prevents you from hitting Sonja.
Sonja is severely wounded.
Sonja unwields an uncursed blowgun.
Sonja wields an uncursed short sword of distortion.
Its appearance distorts for a moment.
Sonja hits you but does no damage. Space warps horribly around you!
You die...

######################
#<.#..)..#..'..#__#..+
#..'÷.#..').#..'^.'..#
#..#####'#####'#__####
#..####..#...#(####
#..#__####..##.#
#..#_____##'#..+
#⌠⌠#_.∩...'..._#
####_..__##K@#'#
#_____###'#.#
#########.### +$.$+
#(.$# ##.## #+#


You could see Sonja.

Vanquished Creatures
  A slime creature (D)
  Sigmund (D)
  A yak (D)
  An ogre (D)
  A jelly (D)
  Ijyb (D)
6 creatures vanquished.

Notes
Turn   | Place    | Note
-------+----------+-------------------------------------------
     0 | D        | dvd the Gargoyle Fighter began the quest for the Orb.
     0 | D        | Reached XP level 1. HP: 14/14 MP: 1/1
     2 | D        | Noticed Ijyb
     9 | D        | Killed Ijyb
     9 | D        | Reached skill level 4 in Fighting
     9 | D        | Reached XP level 2. HP: 17/20 MP: 2/2
     9 | D        | Reached XP level 3. HP: 21/24 MP: 3/3
    44 | D        | Noticed an ogre
    50 | D        | Killed an ogre
    50 | D        | Reached skill level 6 in Fighting
    50 | D        | Reached skill level 5 in Shields
    50 | D        | Reached XP level 4. HP: 9/32 MP: 4/4
   288 | D        | Noticed Sigmund
   296 | D        | Killed Sigmund
   296 | D        | Reached skill level 7 in Fighting
   296 | D        | Reached XP level 5. HP: 31/39 MP: 5/5
   296 | D        | Reached XP level 6. HP: 35/44 MP: 6/6
   356 | D        | Found a deep blue altar of Sif Muna.
   358 | D        | Found a radiant altar of Vehumet.
   361 | D        | Reached skill level 8 in Fighting
   394 | D        | Found Ruuney's General Store.
   394 | D        | Found an ancient bone altar of Kikubaaqudgha.
   394 | D        | Found a hazy altar of Hepliaklqana.
   394 | D        | Found a stormy altar of Qazlal.
   394 | D        | Found a hide-covered altar of Uskayaw.
   394 | D        | Found a blossoming altar of Fedhas.
   394 | D        | Found a bloodstained altar of Trog.
   394 | D        | Found an iron altar of Okawaru.
   394 | D        | Found a basalt altar of Yredelemnul.
   394 | D        | Found a glowing golden altar of the Shining One.
   394 | D        | Found a snail-covered altar of Cheibriados.
   394 | D        | Found a sacrificial altar of Ru.
   394 | D        | Found a glowing silver altar of Zin.
   394 | D        | Found a shadowy altar of Dithmenos.
   394 | D        | Found a white marble altar of Elyvilon.
   394 | D        | Noticed a yak
   403 | D        | Killed a yak
   403 | D        | Reached skill level 9 in Fighting
   403 | D        | Reached XP level 7. HP: 15/51 MP: 7/7
   404 | D        | Found an opulent altar of Gozag.
   405 | D        | Found a sparkling altar of Nemelex Xobeh.
   635 | D        | Became a worshipper of Warmaster Okawaru
   649 | D        | Found a viscous altar of Jiyva.
   649 | D        | Found a corrupted altar of Lugonu.
   649 | D        | Noticed a slime creature
   650 | D        | Found a burning altar of Makhleb.
   650 | D        | Found a shimmering altar of Xom.
   664 | D        | Killed a slime creature
   664 | D        | Reached skill level 1 in Dodging
   872 | D        | Noticed Sonja
   895 | D        | Mangled by Sonja

Skill      XL: |  1  2  3  4  5  6  7 |
---------------+----------------------+-----
Fighting       | 4 6 7 9 |  9.4
Axes           | 2 4 6 7 8 |  8.4
Armour         | 4 6 7 8 |  8.8
Shields        | 4 5 7 8 |  8.1
Dodging        | 1 |  1.0
Stealth        | |  0.5

Action                   |  1- 3 |  4- 6 |  7- 9 || total
-------------------------+-------+-------+-------++-------
Melee: War axe           |    12 |    18 |    27 ||    57
  Use: Potion            |       |       |     4 ||     4
Armor: Scale mail        |     3 |     4 |    22 ||    29
Dodge: Dodged            |     3 |     4 |    23 ||    30
Block: Shield            |     2 |     5 |    26 ||    33
